| TOP OF THE 1ST |
|
Visalia Mets batting - Pitching for Stockton Ports : RHP Bryn Smith
|
|
Pitching: RHP Bryn Smith
|
|
|
Batting: RHB Danny Ainge
|
0-0: Ball 1-0: Called Strike 1-1: Ball 2-1: Ground out 5-3 (Groundball, 56S, EV 78.8 MPH)
|
|
Batting: SHB David Navarro
|
0-0: Swinging Strike 0-1: Foul Ball, location: 2F 0-2: Strikes out looking
|
|
Batting: LHB Huey Gayden
|
0-0: Ball 1-0: Called Strike 1-1: Ball 2-1: Foul Ball, location: 2F 2-2: Ball 3-2: SINGLE (Groundball, 4MS, EV 70.6 MPH) (infield hit)
|
|
Batting: LHB Pete Dalena
|
0-0: Called Strike 0-1: Called Strike 0-2: Ball 1-2: Ball 2-2: Strikes out swinging
|
| Top of the 1st over - 0 runs, 1 hit, 0 errors, 1 left on base; Visalia 0 - Stockton 0 |
| BOTTOM OF THE 1ST |
|
Stockton Ports batting - Pitching for Visalia Mets : RHP Tom Rowe
|
|
Pitching: RHP Tom Rowe
|
|
|
Batting: RHB Ramon Valdez
|
0-0: Ball 1-0: Swinging Strike 1-1: Fly out, F7 (Flyball, 7S, EV 87.5 MPH)
|
|
Batting: RHB Pasquale Raimondo
|
0-0: Ball 1-0: Called Strike 1-1: Ball 2-1: Foul Ball, location: 2F 2-2: Ball 3-2: DOUBLE (Line Drive, 3D, EV 100.0 MPH)
|
|
Batting: LHB Christopher O'Brien
|
0-0: Called Strike 0-1: Ball 1-1: Ball 2-1: Called Strike 2-2: Ball 3-2: Base on Balls
|
|
Batting: SHB Tracy Edwards
|
0-0: Ball 1-0: Grounds into double play, 4-6-3 (Groundball, 4, EV 86.9 MPH)
|
| Bottom of the 1st over - 0 runs, 1 hit, 0 errors, 1 left on base; Visalia 0 - Stockton 0 |
| TOP OF THE 2ND |
|
Visalia Mets batting - Pitching for Stockton Ports : RHP Bryn Smith
|
|
Batting: SHB Marcos Gomez
|
0-0: Called Strike 0-1: Ball 1-1: Ground out 6-3 (Groundball, 6, EV 86.3 MPH)
|
|
Batting: RHB Ed Sedar
|
0-0: Called Strike 0-1: Foul Ball, location: 2F 0-2: Ball 1-2: Strikes out swinging
|
|
Batting: SHB Rene Quinones
|
0-0: Ball 1-0: Foul Ball, location: 2F 1-1: Ball 2-1: Foul Ball, location: 2F 2-2: Strikes out swinging
|
| Top of the 2nd over - 0 runs, 0 hits, 0 errors, 0 left on base; Visalia 0 - Stockton 0 |
| BOTTOM OF THE 2ND |
|
Stockton Ports batting - Pitching for Visalia Mets : RHP Tom Rowe
|
|
Batting: RHB Chris Sabo
|
0-0: Foul Ball, location: 2F 0-1: SINGLE (Line Drive, 4D, EV 95.6 MPH)
|
|
Batting: SHB Jose Mercado
|
0-0: Foul Ball, location: 2F 0-1: Ball 1-1: Fielders Choice at 2nd, 6-4 (Groundball, 6, EV 83.8 MPH)
|
|
Batting: LHB Daniel Hoskins
|
0-0: Ball 1-0: Ground out 3-1 (Groundball, 34S, EV 66.3 MPH) Jose Mercado to second
|
|
Batting: RHB Eddie Lee
|
0-0: Called Strike 0-1: Ground out 4-3 (Groundball, 13, EV 92.5 MPH)
|
| Bottom of the 2nd over - 0 runs, 1 hit, 0 errors, 1 left on base; Visalia 0 - Stockton 0 |
| TOP OF THE 3RD |
|
Visalia Mets batting - Pitching for Stockton Ports : RHP Bryn Smith
|
|
Batting: RHB Ken Frazier
|
0-0: Foul Ball, location: 2F 0-1: Ball 1-1: Ball 2-1: Swinging Strike 2-2: Ground out 1-3 (Groundball, 34S, EV 68.8 MPH)
|
|
Batting: RHB Lloyd Bessard
|
0-0: Hit by Pitch
|
|
Batting: RHB Danny Ainge
|
0-0: Foul Ball, location: 2F 0-1: Called Strike 0-2: Ground out 5-3 (Groundball, 56S, EV 70.6 MPH) Lloyd Bessard to second
|
|
Batting: SHB David Navarro
|
0-0: Ball 1-0: Ground out 4-3 (Groundball, 4, EV 113.1 MPH)
|
| Top of the 3rd over - 0 runs, 0 hits, 0 errors, 1 left on base; Visalia 0 - Stockton 0 |
| BOTTOM OF THE 3RD |
|
Stockton Ports batting - Pitching for Visalia Mets : RHP Tom Rowe
|
|
Batting: RHB Steve Jongewaard
|
0-0: Ball 1-0: Ground out 5-3 (Groundball, 56, EV 90.6 MPH)
|
|
Batting: RHB Ramon Valdez
|
0-0: Ball 1-0: DOUBLE (Flyball, 78XD, EV 94.4 MPH)
|
|
Batting: RHB Pasquale Raimondo
|
0-0: Ball 1-0: Ground out 6-3 (Groundball, 6S, EV 83.1 MPH) Ramon Valdez to third
|
|
Batting: LHB Christopher O'Brien
|
0-0: Called Strike 0-1: Ball 1-1: Foul Ball, location: 2F 1-2: Ball 2-2: Ball 3-2: Strikes out swinging
|
| Bottom of the 3rd over - 0 runs, 1 hit, 0 errors, 1 left on base; Visalia 0 - Stockton 0 |
| TOP OF THE 4TH |
|
Visalia Mets batting - Pitching for Stockton Ports : RHP Bryn Smith
|
|
Batting: LHB Huey Gayden
|
0-0: Ball 1-0: Ball 2-0: Ball 3-0: Base on Balls
|
|
Batting: LHB Pete Dalena
|
0-0: Ball 1-0: Foul Ball, location: 2F 1-1: Foul Ball, location: 2F 1-2: Ball 2-2: Fly out, F5 (Popup, 56S, EV 85.6 MPH)
|
|
Batting: SHB Marcos Gomez
|
0-0: Ball 1-0: Ball 2-0: Ball 3-0: Base on Balls Huey Gayden to second
|
|
Batting: RHB Ed Sedar
|
0-0: Called Strike 0-1: Foul Ball, location: 2F 0-2: Ball 1-2: Strikes out swinging
|
|
Batting: SHB Rene Quinones
|
0-0: Ball 1-0: Ball 2-0: SINGLE (Groundball, 34D, EV 98.8 MPH) Huey Gayden to third Marcos Gomez to second Runner from 3rd tries for Home, SAFE, throw by RF to home
|
|
Now in RF: Mark Jurena
|
|
|
Batting: RHB Ken Frazier
|
0-0: Swinging Strike 0-1: Foul Ball, location: 2F 0-2: Strikes out looking
|
| Top of the 4th over - 1 run, 1 hit, 0 errors, 2 left on base; Visalia 1 - Stockton 0 |
| BOTTOM OF THE 4TH |
|
Stockton Ports batting - Pitching for Visalia Mets : RHP Tom Rowe
|
|
Batting: SHB Tracy Edwards
|
0-0: Called Strike 0-1: Ball 1-1: Fly out, F4 (Popup, 34S, EV 76.9 MPH)
|
|
Batting: RHB Chris Sabo
|
0-0: Fly out, F6 (Popup, 6M, EV 61.3 MPH)
|
|
Batting: SHB Jose Mercado
|
0-0: Ball 1-0: Ground out 1-3 (Groundball, P, EV 68.1 MPH)
|
| Bottom of the 4th over - 0 runs, 0 hits, 0 errors, 0 left on base; Visalia 1 - Stockton 0 |
| TOP OF THE 5TH |
|
Visalia Mets batting - Pitching for Stockton Ports : RHP Bryn Smith
|
|
Batting: RHB Lloyd Bessard
|
0-0: Ball 1-0: Ball 2-0: Ball 3-0: Base on Balls
|
|
Batting: RHB Danny Ainge
|
0-0: Ball 1-0: Sac Bunt to 3S - play at first, batter OUT! 3-4 Lloyd Bessard to second
|
|
Batting: SHB David Navarro
|
0-0: Ball 1-0: Reached on error, E3 (Groundball, 3, EV 88.8 MPH) Lloyd Bessard to third
|
|
Batting: LHB Huey Gayden
|
0-0: Ground out 6-3 (Groundball, 56, EV 91.3 MPH) Lloyd Bessard scores David Navarro to second
|
|
Batting: LHB Pete Dalena
|
0-0: Called Strike 0-1: Ground out 3-1 (Groundball, 34S, EV 86.3 MPH)
|
| Top of the 5th over - 1 run, 0 hits, 1 error, 1 left on base; Visalia 2 - Stockton 0 |
| BOTTOM OF THE 5TH |
|
Stockton Ports batting - Pitching for Visalia Mets : RHP Tom Rowe
|
|
Batting: LHB Daniel Hoskins
|
0-0: Ball 1-0: Ball 2-0: Called Strike 2-1: Fly out, F7 (Flyball, 7LM, EV 91.3 MPH)
|
|
Batting: RHB Eddie Lee
|
0-0: Ball 1-0: Fly out, F8 (Flyball, 89D, EV 79.4 MPH)
|
|
Batting: RHB Steve Jongewaard
|
0-0: Ground out 5-3 (Groundball, 5S, EV 88.8 MPH)
|
| Bottom of the 5th over - 0 runs, 0 hits, 0 errors, 0 left on base; Visalia 2 - Stockton 0 |
| TOP OF THE 6TH |
|
Visalia Mets batting - Pitching for Stockton Ports : RHP Bryn Smith
|
|
Batting: SHB Marcos Gomez
|
0-0: Ball 1-0: Ball 2-0: Called Strike 2-1: Foul Ball, location: 2F 2-2: Fly out, F9 (Flyball, 9S, EV 83.1 MPH)
|
|
Batting: RHB Ed Sedar
|
0-0: Ball 1-0: Ground out 1-3 (Groundball, 13S, EV 71.9 MPH)
|
|
Batting: SHB Rene Quinones
|
0-0: Foul Ball, location: 2F 0-1: Ball 1-1: Called Strike 1-2: Strikes out looking
|
| Top of the 6th over - 0 runs, 0 hits, 0 errors, 0 left on base; Visalia 2 - Stockton 0 |
| BOTTOM OF THE 6TH |
|
Stockton Ports batting - Pitching for Visalia Mets : RHP Tom Rowe
|
|
Batting: RHB Ramon Valdez
|
0-0: Called Strike 0-1: Called Strike 0-2: Ball 1-2: Foul Ball, location: 2F 1-2: Foul Ball, location: 2F 1-2: Fly out, F8 (Flyball, 78D, EV 81.3 MPH)
|
|
Batting: RHB Pasquale Raimondo
|
0-0: Ball 1-0: Foul Ball, location: 2F 1-1: Ball 2-1: Swinging Strike 2-2: Foul Ball, location: 2F 2-2: Strikes out looking
|
|
Batting: RHB Mark Jurena
|
0-0: SINGLE (Line Drive, 6MD, EV 109.4 MPH)
|
|
Batting: SHB Tracy Edwards
|
0-0: Called Strike 0-1: Ball 1-1: Ball 2-1: Fly out, F8 (Line Drive, 8LD, EV 93.8 MPH)
|
| Bottom of the 6th over - 0 runs, 1 hit, 0 errors, 1 left on base; Visalia 2 - Stockton 0 |
| TOP OF THE 7TH |
|
Visalia Mets batting - Pitching for Stockton Ports : RHP Bryn Smith
|
|
Batting: RHB Ken Frazier
|
0-0: Ball 1-0: Swinging Strike 1-1: Called Strike 1-2: Strikes out looking
|
|
Batting: RHB Lloyd Bessard
|
0-0: Ball 1-0: Called Strike 1-1: Foul Ball, location: 2F 1-2: Ball 2-2: Ball 3-2: Ground out 6-3 (Groundball, 56, EV 80.0 MPH)
|
|
Batting: RHB Danny Ainge
|
0-0: Ground out 5-3 (Groundball, 56, EV 102.5 MPH)
|
| Top of the 7th over - 0 runs, 0 hits, 0 errors, 0 left on base; Visalia 2 - Stockton 0 |
| BOTTOM OF THE 7TH |
|
Stockton Ports batting - Pitching for Visalia Mets : RHP Tom Rowe
|
|
Batting: RHB Chris Sabo
|
0-0: Called Strike 0-1: Foul Ball, location: 2F 0-2: Fly out, F8 (Flyball, 78XD, EV 90.0 MPH)
|
|
Batting: SHB Jose Mercado
|
0-0: Ball 1-0: Called Strike 1-1: Called Strike 1-2: Fly out, F7 (Flyball, 78S, EV 91.9 MPH)
|
|
Batting: LHB Daniel Hoskins
|
0-0: Called Strike 0-1: Ball 1-1: Swinging Strike 1-2: Ball 2-2: Fly out, F9 (Flyball, 89S, EV 88.8 MPH)
|
| Bottom of the 7th over - 0 runs, 0 hits, 0 errors, 0 left on base; Visalia 2 - Stockton 0 |
| TOP OF THE 8TH |
|
Visalia Mets batting - Pitching for Stockton Ports : RHP Bryn Smith
|
|
Batting: SHB David Navarro
|
0-0: Foul Ball, location: 2F 0-1: Called Strike 0-2: Ball 1-2: Ball 2-2: Foul Ball, location: 2F 2-2: Fly out, F7 (Flyball, 7S, EV 88.1 MPH)
|
|
Batting: LHB Huey Gayden
|
0-0: Foul Ball, location: 2F 0-1: Ground out 6-3 (Groundball, 56, EV 78.1 MPH)
|
|
Batting: LHB Pete Dalena
|
0-0: Ball 1-0: Foul Ball, location: 2F 1-1: Foul Ball, location: 2F 1-2: Ground out 4-3 (Groundball, 4D, EV 98.8 MPH)
|
| Top of the 8th over - 0 runs, 0 hits, 0 errors, 0 left on base; Visalia 2 - Stockton 0 |
| BOTTOM OF THE 8TH |
|
Stockton Ports batting - Pitching for Visalia Mets : RHP Tom Rowe
|
|
Batting: RHB Eddie Lee
|
0-0: Foul Ball, location: 2F 0-1: Ball 1-1: Foul Ball, location: 2F 1-2: Fly out, F9 (Flyball, 89D, EV 91.9 MPH)
|
|
Batting: RHB Steve Jongewaard
|
0-0: Ball 1-0: SINGLE (Line Drive, 4M, EV 98.1 MPH)
|
|
Batting: RHB Ramon Valdez
|
0-0: Ball 1-0: Called Strike 1-1: Foul Ball, location: 2F 1-2: Foul Ball, location: 2F 1-2: Strikes out swinging
|
|
Batting: RHB Pasquale Raimondo
|
0-0: Called Strike 0-1: Ball 1-1: Ball 2-1: Ball 3-1: Swinging Strike 3-2: Strikes out swinging
|
| Bottom of the 8th over - 0 runs, 1 hit, 0 errors, 1 left on base; Visalia 2 - Stockton 0 |
| TOP OF THE 9TH |
|
Visalia Mets batting - Pitching for Stockton Ports : RHP Bryn Smith
|
|
Pitching: LHP Tom Funk
|
|
|
Batting: SHB Marcos Gomez
|
0-0: Ground out 6-3 (Groundball, 56D, EV 101.9 MPH)
|
|
Batting: RHB Ed Sedar
|
0-0: Foul Ball, location: 2F 0-1: Fly out, F4 (Flyball, 3D, EV 86.9 MPH)
|
|
Batting: SHB Rene Quinones
|
0-0: Ball 1-0: Swinging Strike 1-1: SINGLE (Line Drive, 7S, EV 101.9 MPH)
|
|
Batting: RHB Ken Frazier
|
0-0: Ball 1-0: Called Strike 1-1: Ball 2-1: Ball 3-1: Base on Balls Rene Quinones to second
|
|
Batting: RHB Lloyd Bessard
|
0-0: Ball 1-0: Fly out, F7 (Flyball, 7, EV 77.5 MPH)
|
| Top of the 9th over - 0 runs, 1 hit, 0 errors, 2 left on base; Visalia 2 - Stockton 0 |
| BOTTOM OF THE 9TH |
|
Stockton Ports batting - Pitching for Visalia Mets : RHP Tom Rowe
|
|
Batting: RHB Mark Jurena
|
0-0: Foul Ball, location: 2F 0-1: Ground out 5-3 (Groundball, 56, EV 91.3 MPH)
|
|
Batting: SHB Tracy Edwards
|
0-0: SINGLE (Line Drive, 8RS, EV 106.3 MPH)
|
|
Batting: RHB Chris Sabo
|
0-0: Foul Ball, location: 2F 0-1: Hit by Pitch Tracy Edwards to second
|
|
Batting: SHB Jose Mercado
|
0-0: Foul Ball, location: 2F 0-1: Foul Ball, location: 2F 0-2: Foul Ball, location: 2F 0-2: Ball 1-2: Ball 2-2: SINGLE (Line Drive, 78S, EV 93.8 MPH) Tracy Edwards to third Chris Sabo to second
|
|
Batting: LHB Daniel Hoskins
|
0-0: Called Strike 0-1: Fly out, F8 (Line Drive, 8RM, EV 94.4 MPH)
|
|
Pinch Hitting: LHB Mike Ashman
|
0-0: SINGLE (Groundball, 4MD, EV 108.8 MPH) Tracy Edwards scores Chris Sabo to third Jose Mercado to second Runner from 3rd tries for Home, SAFE, throw by CF to home
|
|
Pitching: RHP Dennis Long
|
|
|
Pinch Hitting: SHB Pete Leppert
|
0-0: SINGLE (Groundball, 34D, EV 94.4 MPH) Jose Mercado to third Mike Ashman to second Runner from 3rd tries for Home, SAFE, throw by RF to home
|
| Bottom of the 9th over - 3 runs, 4 hits, 0 errors, 0 left on base; Visalia 2 - Stockton 3 |
|